 Dungeon Crawl Stone Soup version 0.29-a0-1016-g236c7fd91e (webtiles) character file.

Game seed: 503230103759233291

244 ytrimaz the Chopper (level 6, -14/51 HPs)
             Began as a Meteoran Fighter on Aug 9, 2022.
             Demolished by an ogre
             ... wielding a +0 giant club
              (15 damage)
             ... on level 4 of the Dungeon.
             The game lasted 00:03:26 (1097 turns).

ytrimaz the Chopper (Meteoran Fighter)              Turns: 1097, Time: 00:03:27

Health: -14/51     AC: 12    Str: 19    XL:     6   Next: 58%
Magic:  7/7        EV:  5    Int: 10    God:
Gold:   186        SH:  5    Dex: 14    Spells: 5/5 levels left

rFire   + . .      SeeInvis .   a - +0 war axe
rCold   . . .      Faith    .   c - +0 buckler
rNeg    . . .      Spirit   .   g - +0 plate armour
rPois   .          Reflect  .   (no helmet)
rElec   .          Harm     .   (no cloak)
rCorr   .          Rampage  .   i - +0 pair of gloves
Will    .....                   (no boots)
Stlth   ..........              (no amulet)
HPRegen 0.17/turn               f - ring of protection from fire
MPRegen 0.10/turn               (no ring)

@: mighty, glowing
A: sense surroundings 1, otherworldly, glowing, explore regen
a: no special abilities


You were on level 4 of the Dungeon.
You visited 1 branch of the dungeon, and saw 4 of its levels.

You collected 186 gold pieces.

Inventory:

Hand Weapons
 a - a +0 war axe (weapon)
Armour
 b - a +0 scale mail
 c - a +0 buckler (worn)
 g - a +0 plate armour (worn)
 i - a +0 pair of gloves (worn)
Jewellery
 f - a ring of protection from fire (left hand)
Scrolls
 h - a scroll of fog
 j - a scroll of identify
Potions
 k - a potion of degeneration {unknown}


   Skills:
 - Level 3.2 Fighting
 * Level 7.3 Axes
 - Level 3.6 Armour
 - Level 4.0 Shields


You had 5 spell levels left.
You didn't know any spells.
Your spell library contained the following spells:

 Spells                   Type           Power      Damage    Failure   Level
 Ozocubu's Armour         Ice            0%         N/A       100%        3
 Ozocubu's Refrigeration  Ice            0%         4d7       100%        7


Dungeon Overview and Level Annotations

Branches:
Dungeon (4/15) Zot: 1251
 Temple: D:4-7

Altars:
Ashenzari
Cheibriados
Wu Jian

Shops:
D:3 *


Innate Abilities, Weirdness & Mutations

You passively map a small area around you.
You are easily found by Zot.
You glow in the dark.
You regain HP and MP as you explore.


Message History

You kill the giant cockroach!
Found a short sword.
As you open the door, it creaks loudly!
Found an ornate altar of the Wu Jian Council.
There is an open door here.
There is an ornate altar of the Wu Jian Council here.
You open the door. You open the door. You open the door.
There is an open door here.
You open the door.
There is an open door here.
Found a snail-covered altar of Cheibriados and a broken altar of Ashenzari.
A scorpion comes into view.
The scorpion moves out of view.
An ogre comes into view. It is wielding a +0 giant club.
An ogre is nearby!
The ogre hits you with a +0 giant club!!
Ouch! That really hurt!
You hear a shout!
You hit the ogre.
The ogre is lightly wounded.
You hear a shout! x2
The ogre hits you with a +0 giant club!!
* * * LOW HITPOINT WARNING * * *
You slash the ogre!
The ogre is heavily wounded.
You block the ogre's attack.
You closely miss the ogre.
The ogre is heavily wounded.
Unknown command.
It was a potion of heal wounds.
You feel much better.
The ogre hits you with a +0 giant club!!
Ouch! That really hurt!
* * * LOW HITPOINT WARNING * * *
You feel very mighty all of a sudden. The scorpion stings you.
* * * LOW HITPOINT WARNING * * *
The ogre hits you with a +0 giant club!
You die...

,, ####.#.)..........
, , *
#.#............., , ,
######.########...###
* * *#......#
#.#.#### #.#..# *
#.##'# #####.#####,,
, , ,, , #.......@s#
, , *#..#######O.#* ,
, _. _ #.._# * , .###
, * , # , , , ** , *
,, , ** ,, , ,


You could see an ogre and a scorpion.

Vanquished Creatures
  A phantom (D:4)
  A hound (D:4)
  An iguana (D:4)
  2 orc wizards (D:4)
  An adder (D:3)
  2 dart slugs (D:1)
  2 orcs (D:4)
  4 ball pythons
  5 endoplasms
  A giant cockroach (D:4)
  6 goblins
  6 hobgoblins
  2 jackals (D:2)
  5 kobolds
  A quokka (D:2)
  4 bats
  2 frilled lizards
  4 rats
50 creatures vanquished.

Notes
Turn   | Place    | Note
-------+----------+-------------------------------------------
     0 | D:1      | ytrimaz the Meteoran Fighter began the quest for the Orb.
     0 | D:1      | Reached XP level 1. HP: 19/19 MP: 2/2
    73 | D:1      | Reached XP level 2. HP: 20/26 MP: 3/3
    99 | D:1      | Reached skill level 3 in Axes
   134 | D:1      | Reached XP level 3. HP: 20/31 MP: 4/4
   374 | D:2      | Reached skill level 4 in Axes
   666 | D:3      | Reached XP level 4. HP: 38/38 MP: 5/5
   779 | D:3      | Found Gozag's Platinum Reserve.
   955 | D:4      | Reached skill level 5 in Axes
   955 | D:4      | Reached XP level 5. HP: 27/45 MP: 6/6
   996 | D:4      | Noticed a phantom
  1015 | D:4      | Killed a phantom
  1016 | D:4      | Reached skill level 6 in Axes
  1016 | D:4      | Reached XP level 6. HP: 34/51 MP: 7/7
  1028 | D:4      | Reached skill level 7 in Axes
  1062 | D:4      | Found an ornate altar of the Wu Jian Council.
  1088 | D:4      | Found a snail-covered altar of Cheibriados.
  1088 | D:4      | Found a broken altar of Ashenzari.
  1091 | D:4      | Noticed an ogre
  1093 | D:4      | HP: 1/51 [ogre/+0 giant club (23)]
  1097 | D:4      | Demolished by an ogre

Illustrated notes

Levels and vault maps discovered:
D:1:      kennysheep_arrival_forest, layout_rooms, dreamdust_princess_corridor
D:2:      layout_rooms
D:3:      layout_loops_cross, nicolae_gozag_zags_fifth_avenue
D:4:      layout_loops_cross, kennysheep_mini,
          chequers_temple_overflow_minitemple

Skill      XL: |  1  2  3  4  5  6 |
---------------+-------------------+-----
Axes           | 3 4 5 6 7 |  7.3
Shields        | 4 |  4.0
Fighting       | |  3.2
Armour         | |  3.6

Action                   |  1- 3 |  4- 6 || total
-------------------------+-------+-------++-------
Melee: War axe           |    89 |    72 ||   161
  Use: Scroll            |     3 |       ||     3
       Potion            |       |     2 ||     2
Armor: Scale mail        |    29 |       ||    29
       Plate armour      |    52 |    53 ||   105
Dodge: Dodged            |    37 |    17 ||    54
Block: Buckler           |    21 |    20 ||    41

Table legend: (Time is in decaauts)
 A = Elapsed time spent in this place.
 B = Non-inter-level travel time spent in this place.
 C = Inter-level travel time spent in this place.
 D = Time resting spent in this place.
 E = Time spent auto-exploring this place.
 F = Levels seen in this place.
 G = Mean time per level.
                   A        B        C        D        E       F      G
               +--------+--------+--------+--------+--------+-----+--------+
         Total |   1147 |   1102 |     45 |      0 |    248 |   4 |  286.8 |
       Dungeon |   1147 |   1102 |     45 |      0 |    248 |   4 |  286.8 |
               +--------+--------+--------+--------+--------+-----+--------+

Top non-repeatable levels by time:
     D:3: 364 daAuts
     D:1: 327 daAuts
     D:2: 290 daAuts
     D:4: 164 daAuts
